 Dungeon Crawl Stone Soup version 0.16-a0-3149-g1169300 (webtiles) character file.

231 Johnny the Bolt Thrower (level 6, -3/48 HPs)
             Began as a Human Hunter on Dec 13, 2014.
             Slain by a giant frog (5 damage)
             ... in a sewer on Dec 14, 2014.
             The game lasted 00:04:32 (1975 turns).

Johnny the Bolt Thrower (Human Hunter)              Turns: 1975, Time: 00:04:33

Health: -3/48      AC:  4    Str: 12    XL:     6   Next: 24%
Magic:  6/6        EV: 12    Int: 11    God:
Gold:   32         SH:  0    Dex: 16    Spells: 0 memorised, 5 levels left

rFire  . . .     SeeInvis .     m - +2 quarterstaff (chaos)
rCold  . . .     Clarity  .     d - +0 leather armour
rNeg   . . .     SustAb   .     (no shield)
rPois  .         Gourm    .     (no helmet)
rElec  .         Spirit   .     n - +0 cloak
rCorr  .         Warding  .     (no gloves)
rMut   .         Stasis   .     (no boots)
MR     .....                    (no amulet)
Stlth  +.........               (no ring)
                                (no ring)

@: drained, not resistant to hostile enchantments, very unstealthy
A: no striking features
a: no special abilities


You were in a sewer.
You were not hungry.

You visited 1 branch of the dungeon, and saw 3 of its levels.
You also visited: Sewer.

You collected 32 gold pieces.

Inventory:

Hand weapons
 a - a +0 short sword
 b - a +1 hand crossbow
 h - a cursed -3 short sword
 m - a +2 quarterstaff of chaos (weapon)
Missiles
 c - 9 bolts
Armour
 d - a +0 leather armour (worn)
 n - a +0 cloak (worn)
Scrolls
 g - a scroll of magic mapping
 i - a scroll of teleportation {unknown}
 j - a scroll of remove curse {unknown}
 k - a scroll of immolation {unknown}
 l - a scroll of identify
Comestibles
 f - a bread ration


   Skills:
 + Level 3.8(3.3) Fighting
 * Level 5.6(5.1) Crossbows
 + Level 3.2(2.7) Dodging
 - Level 1.0(0.5) Stealth


You had 5 spell levels left.
You didn't know any spells.

Dungeon Overview and Level Annotations

Branches:
Dungeon (3/15)

Altars:
Ashenzari
Cheibriados
Makhleb
Nemelex Xobeh
Vehumet


Message History

The giant frog is almost dead.
The giant frog hits you!
* * * LOW HITPOINT WARNING * * *
The giant frog hits you.
* * * LOW HITPOINT WARNING * * *
The giant frog barely misses you.
The giant frog hits you but does no damage.
The giant frog completely misses you.
Read which item? (? for menu, Esc to quit)
Okay, then.
Read which item? (? for menu, Esc to quit)
As you read the scroll labeled JIMEAPL UGAG, it crumbles to dust.
It is a scroll of identify.
Identify which item? (\ to view known items) (? for menu, Esc to quit)
g - a scroll of magic mapping The giant frog closely misses you. x2
The giant frog hits you.
* * * LOW HITPOINT WARNING * * *
The giant frog hits you.
You die...

#.≈≈≈≈≈≈≈≈≈≈≈≈≈≈≈≈≈≈≈≈≈#
#.≈≈≈≈..≈≈≈≈≈≈≈≈≈≈.≈≈≈≈#
#.≈≈≈.≈≈≈≈≈≈≈≈########≈#
#.≈≈≈.≈≈≈≈≈≈≈≈≈## #≈#
#.≈≈≈≈≈≈≈≈≈≈≈≈≈≈# #.#
#.≈≈≈≈≈≈≈≈≈≈≈≈≈≈## #.#
#.≈≈≈≈≈≈≈≈≈≈≈≈≈≈≈# #.#
#.≈≈≈≈≈≈≈≈≈.≈.∩≈≈# #≈#
#.≈≈≈≈≈≈≈≈...@.≈≈## #≈#
#.≈≈≈≈≈≈...≈FF≈≈≈≈# #.#
## #.≈≈≈≈≈≈≈.≈≈≈≈≈≈≈≈#
#.# .#
#.≈≈≈≈≈≈≈.≈$.≈≈≈≈≈# #.#
∩# #.≈≈≈≈≈≈≈.:)/.≈≈≈≈#
#.# .#
#.≈≈≈≈≈≈≈≈≈!..≈≈≈≈# #.#
∩# #.≈≈≈.≈≈≈≈≈.≈≈≈≈≈≈#
#.# .#
#.≈≈≈.≈≈≈≈≈≈≈≈≈≈≈# #.#
.# #.≈≈≈.≈≈≈≈≈≈≈≈≈≈≈ #.#


You could see 2 giant frogs.

Vanquished Creatures
  The ghost of Johnny the Bolt Thrower, an average HuHu (D:3)
  Crazy Yiuf (D:2)
  Jessica (D:2)
  2 adders
  4 giant mites (Sewer)
  A river rat (D:3)
  2 giant geckos (Sewer)
  2 oozes (D:2)
  5 ball pythons
  5 bats
  4 giant cockroaches
  2 hobgoblins
  11 giant newts
  4 goblins
  8 kobolds
  4 rats
57 creatures vanquished.

Notes
Turn   | Place    | Note
--------------------------------------------------------------
     0 | D:1      | Johnny, the Human Hunter, began the quest for the Orb.
     0 | D:1      | Reached XP level 1. HP: 16/16 MP: 1/1
   169 | D:1      | Found a sparkling altar of Nemelex Xobeh.
   228 | D:1      | Reached XP level 2. HP: 21/23 MP: 2/2
   770 | D:2      | Noticed Jessica
   773 | D:2      | Killed Jessica
   773 | D:2      | Reached XP level 3. HP: 25/28 MP: 3/3
   823 | D:2      | Found a radiant altar of Vehumet.
   888 | D:2      | Found a snail-covered altar of Cheibriados.
  1036 | D:2      | Reached XP level 4. HP: 13/35 MP: 4/4
  1067 | D:2      | Found a burning altar of Makhleb.
  1138 | D:2      | Found a shattered altar of Ashenzari.
  1323 | D:2      | Noticed Crazy Yiuf
  1327 | D:2      | Killed Crazy Yiuf
  1402 | D:3      | Found a glowing drain.
  1405 | D:3      | Noticed Johnny's ghost (average HuHu)
  1407 | D:3      | Reached XP level 5. HP: 41/41 MP: 5/5
  1418 | D:3      | Killed Johnny's ghost
  1418 | D:3      | Reached skill level 5 in Crossbows
  1455 | Sewer    | Entered a sewer
  1465 | Sewer    | Reached XP level 6. HP: 30/47 MP: 6/6
  1541 | Sewer    | Upgraded the game from 0.16-a0-3122-gccf308e to 0.16-a0-3149-g1169300
  1975 | Sewer    | HP: 2/48 [giant frog (2)]
  1975 | Sewer    | Slain by a giant frog

Action                   |  1- 3 |  4- 6 || total
-------------------------+-------+-------++-------
Melee: Quarterstaff      |       |    68 ||    68
 Fire: Hand crossbow     |    79 |    23 ||   102
  Use: Scroll            |       |     1 ||     1
       Potion            |       |     1 ||     1
  Eat: Chunk             |       |     3 ||     3
